 Dungeon Crawl Stone Soup version 0.21.1-1-g345015fe64 (webtiles) character file.

14569 Brecoman the Carver (level 12, -4/99 HPs)
             Began as a Formicid Abyssal Knight on July 29, 2018.
             Was a High Priest of Lugonu.
             Shot with an arrow by Nessos (28 damage)
             ... on level 12 of the Dungeon.
             The game lasted 00:45:36 (14873 turns).

Brecoman the Carver (Formicid Abyssal Knight)      Turns: 14873, Time: 00:45:37

Health: -4/99      AC: 19    Str: 22    XL:     12   Next: 46%
Magic:  19/19      EV: 10    Int: 15    God:    Lugonu [*****.]
Gold:   478        SH:  5    Dex: 10    Spells: 11/11 levels left

rFire    . . .     SeeInvis +   k - +10 falchion of the End of Times {speed, Int+3}
rCold    . . .     Gourm    .   v - +0 buckler
rNeg     . . .     Faith    .   L - +0 scale mail
rPois    .         Spirit   .   (helmet unavailable)
rElec    .         Reflect  .   d - +0 cloak
rCorr    .         Harm     +   n - +2 pair of gloves
MR       +....                  S - +2 pair of boots
Stlth    ..........             E - amulet of harm
HPRegen  0.26/turn              s - ring of wizardry
MPRegen  0.16/turn              K - +4 ring of protection

@: lethally poisoned (-4 -> -32)
A: permanent stasis, dig shafts and tunnels, four strong arms, antennae 3
a: Dig, Shaft Self, Depart the Abyss, Bend Space, Banish, Corrupt, Enter the
Abyss, Renounce Religion


You were on level 12 of the Dungeon.
You worshipped Lugonu.
Lugonu was extremely pleased with you.
You were not hungry.

You visited 1 branch of the dungeon, and saw 12 of its levels.
You visited the Abyss 1 time.

You collected 478 gold pieces.

Inventory:

Hand Weapons
 a - a +1 mace
 b - a +0 hunting sling
 k - the +10 falchion of the End of Times (weapon) {speed, Int+3}
   (You found it on level 6 of the Dungeon)

   Attacks with this weapon are significantly faster.
   It affects your intelligence (+3).
 w - a -3 hand axe
 Q - a +0 lajatang of pain
Missiles
 f - 100 sling bullets
 j - 295 stones (quivered)
 q - 3 throwing nets
 U - 5 tomahawks
Armour
 d - a +0 cloak (worn)
 i - a +1 chain mail
 n - a +2 pair of gloves (worn)
 r - a +0 leather armour
 v - a +0 buckler (worn)
 L - a +0 scale mail (worn)
 S - a +2 pair of boots (worn)
Magical Staves
 t - an uncursed staff of wizardry
 D - an uncursed staff of death
Jewellery
 s - a ring of wizardry (left hand)
 E - an amulet of harm (around neck)
 G - an uncursed amulet of the gourmand
 K - a +4 ring of protection (right hand)
 O - an uncursed amulet of guardian spirit {unknown}
Wands
 o - a wand of iceblast (18)
 F - a wand of scattershot (9)
 I - a wand of clouds (3)
 J - a wand of enslavement (20)
 T - a wand of digging (11)
Scrolls
 l - 8 scrolls of remove curse
 p - 3 scrolls of enchant armour
 y - 7 scrolls of identify
 A - 2 scrolls of random uselessness
 C - a scroll of magic mapping
 H - 2 scrolls of amnesia {unknown}
 N - a scroll of silence {unknown}
 P - a scroll of blinking {unknown}
Potions
 e - 2 potions of heal wounds
 g - 2 potions of lignification
 h - 2 potions of brilliance
 m - 2 potions of magic
 u - a potion of agility {unknown}
 x - a potion of invisibility {unknown}
 z - 2 potions of cancellation
 B - a potion of might {unknown}
 M - a potion of resistance {unknown}
Comestibles
 c - 31 rations
 R - 2 chunks of flesh


   Skills:
 * Level 10.9 Fighting
 * Level 11.3 Long Blades
 - Level 7.1 Maces & Flails
 - Level 6.0 Armour
 - Level 0.8 Dodging
 - Level 5.3 Shields
 + Level 9.7 Invocations


You had 11 spell levels left.
You didn't know any spells.

Dungeon Overview and Level Annotations

Branches:
Dungeon (12/15)            Temple (0/1) D:7            Lair (0/6) D:8
    Orc (0/2) D:9

Altars:
Dithmenos
Elyvilon
Fedhas
Trog
Uskayaw
Vehumet
Xom
Yredelemnul
The Shining One

Shops:
D:7 *

Annotations:
D:4 tidbits's ghost, novice GnNe
D:12 Nessos
Abyss:1 Edmund


Innate Abilities, Weirdness & Mutations

You cannot be hasted, slowed, berserked, paralysed or teleported.
You can dig through walls and to a lower floor.
Your four strong arms can wield two-handed weapons with a shield.
You have a pair of large antennae on your head. (SInv)


Message History

The ogre is heavily wounded.
The ogre barely misses you.
You riposte.
You hit the ogre.
The ogre is heavily wounded.
You barely miss the ogre.
The ogre is heavily wounded.
You feel sick.
Nessos blinks!
You slice the ogre!!
You kill the ogre!
Lugonu accepts your kill.
You feel sick.
Nessos shoots an arrow.
The arrow closely misses you.
You feel sick.
Nessos shoots an arrow.
The arrow hits you. The arrow burns you.
You are more poisoned.
You see here an arrow.
You feel sick.
Nessos blinks!
Nessos shoots an arrow.
The arrow hits you!! The arrow burns you.
You are more poisoned.
* * * LOW HITPOINT WARNING * * *
* * * LOW HITPOINT WARNING * * *
You feel sick.
Nessos shoots an arrow.
The arrow hits you!!
You die...

###+### ....... #######
....... ########.....#
######.......
#............###..(().c.....
#.######.....#..@####.......
..# #.......### .ยง..... ###
#.....### ....... #.....#
....... #.....# #####+# #
#.....# # ####### ## .#


You could see Nessos.

Vanquished Creatures
  Gastronok (D:11)
  2 two-headed ogres
  A catoblepas (D:12)
  The ghost of Thargor the Thaumaturge, a novice DEEE of Sif Muna (D:8)
  A cyclops (D:11)
  4 trolls
  2 hippogriffs
  A vampire (D:11)
  A wraith (D:11)
  A human (D:8)
  4 hogs (D:8)
  10 yaks
  A steam dragon (D:9)
  3 hungry ghosts
  A black bear (D:12)
  An ice beast (D:8)
  4 sky beasts
  7 ogres
  10 centaurs
  4 big kobolds
  5 bullfrogs
  5 scorpions
  23 killer bees
  5 howler monkeys
  7 crimson imps
  A centaur zombie (D:10)
  2 bullfrog zombies
  An orc priest (D:4)
  2 bullfrog skeletons
  7 hounds
  5 jellies
  7 orc wizards
  3 centaur skeletons
  Jessica (D:3)
  2 iguanas (D:10)
  9 worker ants
  Ijyb (D:3)
  Natasha (D:2)
  2 hound zombies
  A howler monkey zombie (D:9)
  A worker ant zombie (D:8)
  3 gnolls (D:8)
  6 adders
  A howler monkey skeleton (D:10)
  6 shadow imps
  An adder zombie (D:9)
  2 adder skeletons
  6 worms
  6 leopard geckos
  26 orcs
  7 bats
  5 giant cockroaches
  4 hobgoblins
  9 jackals
  25 kobolds
  4 quokkas
  A ball python (D:4)
  12 frilled lizards
  4 goblins
  9 rats
288 creatures vanquished.

Vanquished Creatures (others)
  An unseen horror (D:12)
  A hippogriff (D:6)
  A quokka (D:4)
3 creatures vanquished.

Grand Total: 291 creatures vanquished

Notes
Turn   | Place    | Note
-------+----------+-------------------------------------------
     0 | Abyss:1  | Brecoman the Formicid Abyssal Knight began the quest for the Orb.
     0 | Abyss:1  | Reached XP level 1. HP: 18/18 MP: 2/2
    49 | D:1      | Escaped the Abyss
   656 | D:1      | Reached XP level 2. HP: 24/24 MP: 3/3
  1211 | D:2      | Reached XP level 3. HP: 28/29 MP: 4/4
  1513 | D:2      | Reached ** piety under Lugonu
  1649 | D:2      | Noticed Natasha
  1656 | D:2      | Killed Natasha
  1656 | D:2      | Reached XP level 4. HP: 37/37 MP: 6/6
  1857 | D:3      | Noticed Jessica
  1862 | D:3      | Killed Jessica
  1990 | D:3      | Noticed an ogre
  2060 | D:3      | Killed an ogre
  2060 | D:3      | Reached XP level 5. HP: 21/42 MP: 7/7
  2441 | D:3      | Reached XP level 6. HP: 40/48 MP: 8/8
  2581 | D:3      | Noticed Ijyb
  2601 | D:3      | Killed Ijyb
  2855 | D:3      | Found a radiant altar of Vehumet.
  2865 | D:3      | Found a basalt altar of Yredelemnul.
  3715 | D:4      | Reached XP level 7. HP: 55/55 MP: 10/10
  3729 | D:4      | Found a shimmering altar of Xom.
  3830 | D:4      | Noticed tidbits's ghost (novice GnNe)
  3951 | D:4      | Reached *** piety under Lugonu
  3976 | D:4      | Found a white marble altar of Elyvilon.
  4772 | D:4      | Noticed Edmund
  4776 | D:4      | Banished Edmund
  4776 | D:4      | Reached skill level 5 in Maces & Flails
  5074 | D:5      | Entered Level 5 of the Dungeon
  5209 | D:5      | Reached skill level 5 in Fighting
  5299 | D:5      | Reached XP level 8. HP: 56/62 MP: 11/11
  5349 | D:5      | Reached skill level 5 in Shields
  5829 | D:5      | Found a blossoming altar of Fedhas.
  6528 | D:6      | Reached skill level 5 in Invocations
  7679 | D:7      | Noticed a hippogriff
  7700 | D:6      | Banished a hippogriff
  7700 | D:6      | Reached XP level 9. HP: 48/69 MP: 13/13
  7745 | D:7      | Found a hide-covered altar of Uskayaw.
  7856 | D:7      | Noticed a hippogriff
  7873 | D:7      | Killed a hippogriff
  8457 | D:6      | Reached skill level 5 in Armour
  8462 | D:6      | Got a dazzling falchion
  8463 | D:6      | Identified the +10 falchion of the End of Times {speed, Int+3} (You found it on level 6 of the Dungeon)
  8581 | D:7      | Found a staircase to the Ecumenical Temple.
  8690 | D:7      | Found a bloodstained altar of Trog.
  8723 | D:7      | Found Bisojies's General Store.
  8797 | D:7      | Reached skill level 1 in Long Blades
  8830 | D:7      | Reached **** piety under Lugonu
  9184 | D:8      | Reached skill level 2 in Long Blades
  9196 | D:8      | Noticed a troll
  9217 | D:8      | Killed a troll
  9375 | D:8      | Reached skill level 3 in Long Blades
  9392 | D:8      | Reached XP level 10. HP: 33/77 MP: 15/15
  9660 | D:8      | Noticed Thargor's ghost (novice DEEE)
  9686 | D:8      | Killed Thargor's ghost
  9686 | D:8      | Reached skill level 4 in Long Blades
  9689 | D:8      | Reached skill level 5 in Long Blades
  9727 | D:8      | Found a staircase to the Lair.
  9782 | D:8      | Found a shadowy altar of Dithmenos.
  9909 | D:8      | Reached skill level 6 in Long Blades
 10121 | D:8      | Reached skill level 7 in Long Blades
 10410 | D:9      | Reached ***** piety under Lugonu
 10529 | D:9      | Reached skill level 8 in Long Blades
 10555 | D:9      | Reached XP level 11. HP: 38/84 MP: 16/16
 10775 | D:9      | Found a staircase to the Orcish Mines.
 10822 | D:9      | Reached skill level 9 in Long Blades
 11130 | D:9      | Found a shadowy altar of Dithmenos.
 11224 | D:9      | Found a glowing golden altar of the Shining One.
 11349 | D:10     | Entered Level 10 of the Dungeon
 12459 | D:10     | Noticed a two-headed ogre
 12464 | D:10     | Killed a two-headed ogre
 12726 | D:11     | Reached skill level 10 in Long Blades
 13339 | D:11     | Found a glowing golden altar of the Shining One.
 13782 | D:11     | Noticed a cyclops
 13803 | D:11     | Killed a cyclops
 13803 | D:11     | Reached XP level 12. HP: 48/97 MP: 18/18
 14105 | D:11     | Noticed Gastronok
 14147 | D:11     | Killed Gastronok
 14147 | D:11     | Reached skill level 10 in Fighting
 14147 | D:11     | Reached skill level 11 in Long Blades
 14161 | D:11     | Noticed a two-headed ogre
 14176 | D:11     | Killed a two-headed ogre
 14673 | D:12     | Noticed a catoblepas
 14692 | D:12     | Killed a catoblepas
 14857 | D:12     | Noticed Nessos
 14857 | D:12     | Noticed an unseen horror
 14857 | D:12     | Killed an unseen horror
 14873 | D:12     | Shot with an arrow by Nessos

Skill      XL: |  1  2  3  4  5  6  7  8  9 10 11 12 |
---------------+-------------------------------------+-----
Maces & Flails | 3 4 5 6 7 |  7.1
Invocations    | 3 4 5 6 7 9 |  9.7
Fighting       | 4 5 6 7 9 10 | 10.9
Shields        | 2 3 4 5 |  5.3
Armour         | 4 6 |  6.0
Long Blades    | 3 8 10 11 | 11.3
Dodging        | |  0.8

Action                   |  1- 3 |  4- 6 |  7- 9 | 10-12 || total
-------------------------+-------+-------+-------+-------++-------
Melee: Mace              |    81 |   155 |   370 |       ||   606
       Falchion          |       |       |    70 |   461 ||   531
 Fire: Hunting sling     |     9 |       |       |     8 ||    17
Invok: Bend Space        |       |     1 |     3 |       ||     4
       Banish            |       |       |     2 |       ||     2
 Abil: Dig               |       |       |       |     1 ||     1
  Use: Potion            |       |     1 |     1 |     2 ||     4
       Scroll            |       |       |    13 |     1 ||    14
 Stab: Petrified         |       |       |       |     1 ||     1
  Eat: Chunk             |     2 |     7 |    15 |    20 ||    44
       Ration            |       |       |     3 |       ||     3
Armor: Chain mail        |    72 |    88 |   239 |    97 ||   496
       Scale mail        |       |       |       |   100 ||   100
Dodge: Dodged            |    36 |    67 |   171 |   137 ||   411
Block: Buckler           |       |    23 |   105 |    78 ||   206
       Rpst.: Falchion   |       |       |     8 |    35 ||    43
